 Dungeon Crawl Stone Soup version 0.19-a0-990-gf36c7f1 (webtiles) character file.

2164 Implojin the Grappler (level 9, -9/80 HPs)
             Began as a Troll Fighter on July 14, 2016.
             Was a Follower of Okawaru.
             Hit by a large rock thrown by a cyclops (32 damage)
             ... on level 10 of the Dungeon.
             The game lasted 00:08:02 (1449 turns).

Implojin the Grappler (Troll Fighter)               Turns: 1449, Time: 00:08:03

Health: -9/80      AC:  6    Str: 26    XL:     9   Next: 10%
Magic:  6/8        EV: 18    Int:  4    God:    Okawaru [*.....]
Gold:   95         SH:  9    Dex: 17    Spells: 0 memorised, 8 levels left

rFire  . . .     SeeInvis .       - Unarmed
rCold  . . .     Gourm    +     a - +0 robe
rNeg   . . .     Faith    .     b - +0 shield
rPois  .         Spirit   .     (helmet restricted)
rElec  .         Dismiss  .     o - +0 cloak
rCorr  .         Reflect  .     (gloves unavailable)
SustAt .         Harm     .     (boots unavailable)
MR     +....                    (no amulet)
Stlth  +++.......               z - ring of protection from magic
                                q - +5 ring of evasion

@: agile, somewhat resistant to hostile enchantments, fairly stealthy
A: unfitting armour, claws 3, fast metabolism 3, gourmand, regeneration 2,
shaggy fur 1, tough skin 2
a: Heroism, Renounce Religion


You were on level 10 of the Dungeon.
You worshipped Okawaru.
Okawaru was aware of your devotion.
You were very full.

You visited 2 branches of the dungeon, and saw 11 of its levels.

You collected 95 gold pieces.

Inventory:

Hand Weapons
 h - a +0 flail
 l - a cursed -1 flail
 m - a +1 flail
 r - a +2 dire flail of freezing
 u - a +1 flail of protection
Missiles
 c - 4 tomahawks of returning (quivered)
 B - 3 tomahawks
Armour
 a - a +0 robe (worn)
 b - a +0 shield (worn)
 o - a +0 cloak (worn)
Jewellery
 q - a +5 ring of evasion (left claw)
 z - a ring of protection from magic (right claw)
Scrolls
 e - a scroll of blinking
 i - a scroll of random uselessness {unknown}
 n - a scroll of magic mapping {unknown}
 s - 2 scrolls of fear {unknown}
 v - a scroll of torment {unknown}
 y - a scroll of enchant armour {unknown}
 A - a scroll of summoning {unknown}
Potions
 f - 2 potions of curing
 k - 2 potions of heal wounds
 p - a potion of lignification {unknown}
 t - a potion of cancellation {unknown}
Comestibles
 d - 4 bread rations
 g - 2 meat rations
 w - 4 chunks of flesh
 x - a royal jelly


   Skills:
 - Level 2.4 Fighting
 - Level 2.4 Dodging
 - Level 2.4 Shields
 * Level 11.9 Unarmed Combat


You had 8 spell levels left.
You didn't know any spells.

Dungeon Overview and Level Annotations

Branches:
Dungeon (10/15)            Temple (1/1) D:7            Lair (0/6) D:10
    Orc: D:9-12

Altars:
Gozag
Okawaru
Ru
Trog
Xom


Innate Abilities, Weirdness & Mutations

You are too large for most types of armour.
You have claws for hands.
Your metabolism is lightning-fast.
You like to eat raw meat.
You heal very quickly.
You are covered in fur. (AC +1)
You have very tough skin. (AC +2)


Message History

The warg barely misses you. Something closely misses you.
The gargoyle closely misses you.
You barely miss the gargoyle.
The gargoyle is almost destroyed.
The warg completely misses you. Something completely misses you.
You mangle the gargoyle!!
You destroy the gargoyle!
You have reached level 9!
Your experience leads to an increase in your attributes!
Your base attributes are Str 25, Int 4, Dex 11.
Increase (S)trength, (I)ntelligence, or (D)exterity?
You feel agile.
You feel stronger.
You feel like a meek peon again. You block the warg's attack.
Something hits you but does no damage.
Unknown command.
You scratch the warg.
The warg is lightly wounded.
Something hits you!
* * * LOW HITPOINT WARNING * * *
Something hits you but does no damage. Something closely misses you.
The warg bites you!
* * * LOW HITPOINT WARNING * * *
The orc priest invokes the aid of Beogh against you.
Beogh smites you!
* * * LOW HITPOINT WARNING * * *
The cyclops throws a large rock.
You closely miss something. Something hits you.
* * * LOW HITPOINT WARNING * * *
You block the warg's attack. Something barely misses you.
You block the warg's attack.
Unknown command.
You claw the orc priest!
You kill the orc priest!
Okawaru accepts your kill. You block something's attack.
You block the warg's attack.
Unknown command.
You miss something. You block something's attack.
Something hits you but does no damage.
The cyclops throws a large rock.
The large rock hits you!!
You die...

#.....>...(.
#...........
#...).......
#...........
#.....).....
#...........
#o..........
#h)C........
#@{o........
#####.....##
.......
P......
h......
5.>....
.h.....


You could see a cyclops, a warg and 2 orcs.

Vanquished Creatures
  A gargoyle (D:10)
  A hungry ghost (D:6)
  Eustachio (D:6)
  Menkaure (D:4)
  A water moccasin (D:9)
  An orc warrior (D:6)
  2 phantoms
  2 ogres
  A necrophage (D:8)
  A centaur (D:8)
  5 wights
  2 hounds
  5 orc priests
  A gnoll shaman (D:4)
  5 orc wizards
  A giant frog skeleton (D:5)
  A worker ant (D:6)
  A hound skeleton (D:4)
  3 gnolls (D:4)
  5 adders
  A shadow imp (D:8)
  2 oozes
  A worm (D:2)
  2 giant geckos
  22 orcs
  A giant cockroach (D:3)
  A hobgoblin (D:2)
  4 jackals
  A quokka (D:6)
  3 bats
  2 rats
81 creatures vanquished.

Notes
Turn   | Place    | Note
-------+----------+-------------------------------------------
     0 | D:1      | Implojin the Troll Fighter began the quest for the Orb.
     0 | D:1      | Reached XP level 1. HP: 22/22 MP: 0/0
   200 | D:2      | Reached XP level 2. HP: 26/29 MP: 1/1
   226 | D:3      | Found a bloodstained altar of Trog.
   230 | D:3      | Reached skill level 3 in Unarmed Combat
   399 | D:4      | Reached XP level 3. HP: 34/36 MP: 2/2
   461 | D:4      | Found an opulent altar of Gozag.
   461 | D:4      | Noticed Menkaure
   472 | D:4      | Killed Menkaure
   472 | D:4      | Reached skill level 5 in Unarmed Combat
   472 | D:4      | Reached XP level 4. HP: 44/44 MP: 3/3
   472 | D:4      | Reached XP level 5. HP: 50/50 MP: 4/4
   562 | D:4      | Reached skill level 6 in Unarmed Combat
   577 | D:5      | Entered Level 5 of the Dungeon
   594 | D:5      | Noticed a phantom
   645 | D:5      | Reached XP level 6. HP: 41/59 MP: 5/5
   657 | D:5      | Reached skill level 7 in Unarmed Combat
   750 | D:6      | Noticed Eustachio
   808 | D:6      | Noticed a hungry ghost
   815 | D:6      | Reached XP level 7. HP: 62/66 MP: 6/6
   840 | D:6      | Killed a hungry ghost
   840 | D:6      | Reached skill level 8 in Unarmed Combat
   915 | D:6      | Reached skill level 9 in Unarmed Combat
   973 | D:6      | Killed Eustachio
   973 | D:6      | Reached XP level 8. HP: 44/74 MP: 7/7
  1044 | D:7      | Found a staircase to the Ecumenical Temple.
  1055 | Temple   | Entered the Ecumenical Temple
  1061 | Temple   | Became a worshipper of Warmaster Okawaru
  1082 | D:7      | Reached skill level 10 in Unarmed Combat
  1267 | D:8      | Reached * piety under Okawaru
  1272 | D:8      | Reached skill level 11 in Unarmed Combat
  1427 | D:10     | Entered Level 10 of the Dungeon
  1427 | D:10     | Found a staircase to the Lair.
  1427 | D:10     | Noticed a gargoyle
  1427 | D:10     | Noticed a cyclops
  1445 | D:10     | Killed a gargoyle
  1445 | D:10     | Reached XP level 9. HP: 49/80 MP: 5/8
  1449 | D:10     | Hit by a large rock thrown by a cyclops

Vault maps used:
D:1:      matt_arrival_refuge
D:2:      overflow_temple_1_default, hex_tiny
D:3:      lemuel_doored_altar, lemuel_coloured_pillars_altar,
          overflow_temple_1_default, first_bread, uniq_grinder
D:4:      grunt_gozag_statues, portal_sewer_entry_e, uniq_edmund, uniq_menkaure
D:5:      lightli_church_of_beogh
D:6:      uniq_eustachio, uniq_duvessa
D:7:      lemuel_mausoleum_altar_yredelemnul, kennysheep_little_box,
          fedhas_altar_1, overflow_temple_1_default, kennysheep_mini_moat,
          serial_shops, nicolae_shop_temple_entry_statues_fountains
D:8:      lemuel_round_altar, nicolae_tso_besieged_by_evil, uniq_pikel,
          uniq_grum
D:9:      nicolae_overflow_crystal_walls, hangedman_ranch
D:10:     erik_lair_orcish_takeover, serial_shops, shop, hangedman_glass_teeth,
          kennysheep_cross_room
Temple:   chequers_temple_sunken

Skill      XL: |  1  2  3  4  5  6  7  8 |
---------------+-------------------------+-----
Unarmed Combat | 3 5 6 7 9 11 | 11.9
Fighting       | |  2.4
Dodging        | |  2.4
Shields        | |  2.4

Action                   |  1- 3 |  4- 6 |  7- 9 || total
-------------------------+-------+-------+-------++-------
Melee: Unarmed           |    36 |    60 |   188 ||   284
Invok: Heroism           |       |       |     1 ||     1
  Use: Potion            |     1 |       |     4 ||     5
       Scroll            |       |       |     3 ||     3
 Stab: Sleeping          |     1 |       |     1 ||     2
  Eat: Chunk             |     2 |     8 |    15 ||    25
Armor: Robe              |    32 |    13 |    43 ||    88
Dodge: Dodged            |    22 |    12 |    82 ||   116
Block: Shield            |    29 |    27 |    81 ||   137

Table legend:
 A = Turns spent in this place as a percentage of turns spent in the entire game.
 B = Non-inter-level travel turns spent in this place as a percentage of non-inter-level travel turns spent in the entire game.
 C = Inter-level travel turns spent in this place as a percentage of turns spent in this place.
 D = Turns resting spent in this place as a percentage of non-inter-level travel turns spent in this place.
 E = Turns spent auto-exploring this place as a percentage of non-inter-level travel turns spent in this place.
 F = Non-inter-level travel turns spent in this place divided by the number of levels of this place that you've seen.
                   A       B       C       D       E      F
               +-------+-------+-------+-------+-------+----------------------
         Total | 100.0 | 100.0 |   0.0 |   0.0 |   0.0 | 127.9
       Dungeon |  97.7 |  97.7 |   0.0 |   0.0 |   0.0 | 137.5
        Temple |   2.3 |   2.3 |   0.0 |   0.0 |   0.0 |  32.0
               +-------+-------+-------+-------+-------+----------------------

Table legend:
 A = Kills in this place as a percentage of kills in entire the game.
 B = Kills by you in this place as a percentage of kills by you in the entire game.
 C = Kills by friends in this place as a percentage of kills by friends in the entire game.
 D = Other kills in this place as a percentage of other kills in the entire game.
 E = Experience gained in this place as a percentage of experience gained in the entire game.
 F = Experience gained in this place divided by the number of levels of this place that you have seen.
                   A       B       C       D       E      F
               +-------+-------+-------+-------+-------+----------------------
         Total | 100.0 | 100.0 |  -nan |  -nan | 100.0 | 281.1
       Dungeon |  98.8 |  98.8 |  -nan |  -nan |  98.2 | 303.5
        Temple |   1.2 |   1.2 |  -nan |  -nan |   1.8 |  57.0
               +-------+-------+-------+-------+-------+----------------------
